cohdb
Replays
Latest Replays
All Replays
Popular Replays
Top Player Replays
Match Explorer
How It Works
Community
CoH3 Stats
Reddit
Sign in to upload your games and track your stats! →
Sign in with Steam
Match 43822685
Unlisted
Match 43822685
Overview
Messages
Build Orders
End
Construct Weapon Support Center
Engineer Squad
Selects Armored Battlegroup
Selects Assault Engineers
M1919 Machine Gun Team
M1919 Machine Gun Team
Assault Engineer Squad
Mechanized Support Center
Bazooka Squad
Assault Engineer Squad
Selects Fast Deploy
Selects Field Repairs
Construct Motor Pool
M1919 Machine Gun Team
M8 Greyhound Armored Car
M1919 Machine Gun Team
M1 Anti-tank Gun Team
Assault Engineer Squad
M24 Chaffee Light Tank
Assault Engineer Squad
M8 Greyhound Armored Car
Salvage Crew
Assault Engineer Squad
Improvised Armor
M1919 Machine Gun Team
Assault Engineer Squad
Assault Engineer Squad
Assault Engineer Squad
Selects M8 Scott SPG
Selects War Machine
M24 Chaffee Light Tank
Assault Engineer Squad
Construct Tank Depot
Assault Engineer Squad
Assault Engineer Squad
Assault Engineer Squad
Selects UNKNOWN (2160077)
M18 Hellcat Tank Destroyer
M18 Hellcat Tank Destroyer
M1919 Machine Gun Team
Assault Engineer Squad
Assault Engineer Squad
Assault Engineer Squad
M18 Hellcat Tank Destroyer
M1 Anti-tank Gun Team
Assault Engineer Squad
Assault Engineer Squad
Assault Engineer Squad
Assault Engineer Squad
M1919 Machine Gun Team
M1919 Machine Gun Team
M4A3E8 Sherman Easy Eight
Assault Engineer Squad
Assault Engineer Squad
Assault Engineer Squad
Assault Engineer Squad
Assault Engineer Squad
M18 Hellcat Tank Destroyer
Assault Engineer Squad
Assault Engineer Squad
Scar_CZ
jackinyourbox
JBoss
Moltke1871
0
0
Comments
sign in to comment!
No comments posted yet!